 Dungeon Crawl Stone Soup version 0.32-a0-630-g46d191b0ed (webtiles) character file.

Game seed: 9028019702181898492

140639 adelrune the Fighter (level 17, -10/126 HPs)
             Began as a Coglin Hunter on Mar 6, 2024.
             Was the Champion of Hepliaklqana.
             Mangled by a seven-headed hydra simulacrum (33 damage)
             ... on level 4 of the Swamp.
             The game lasted 01:44:00 (31877 turns).

adelrune the Fighter (Coglin Hunter)               Turns: 31877, Time: 01:44:00

Health: -10/126    AC: 15    Str: 12    XL:     17   Next: 31%
Magic:  22/22      EV: 21    Int:  9    God:    Hepliaklqana [******]
Gold:   1334       SH:  0    Dex: 25    Spells: 11/16 levels left

rFire   . . .        a - +2 sling (freeze) {Surjit}
rCold   . . .        d - +0 sling {Liang}
rNeg    . . .        q - +3 ring mail
rPois   +            n - +1 hat of the Bulwark {Will- Slay+6}
rElec   +            w - +1 cloak
rCorr   +            m - +0 pair of gloves of the gadgeteer {Gadgeteer Wandboost ^Fragile}
SInv    .            M - +0 pair of boots
Will    .....        (amulet unavailable)
Stlth   ++++         (ring unavailable)
HPRegen 0.41/turn    (ring unavailable)
MPRegen 0.18/turn    J - experimental actuator {Gadgeteer, rElec rPois rCorr}

%: no passive effects
@: revved
A: reduced essence, off-hand wielding, slow wielding, warmup strikes, no
jewellery
a: Renounce Religion, Recall Ancestor, Ancestor Identity, Transference, Idealise


You were on level 4 of the Swamp.
You worshipped Hepliaklqana.
Hepliaklqana was exalted by your worship.
You visited 5 branches of the dungeon, and saw 27 of its levels.

You collected 2851 gold pieces.
You spent 1517 gold pieces at shops.

Inventory:

Hand Weapons
 a - a +2 sling of freezing (weapon) {Surjit}
 d - a +0 sling (offhand) {Liang}
Armour
 f - +0 swamp dragon scales
 m - the +0 pair of gloves of the gadgeteer (worn) {Gadgeteer Wandboost ^Fragile}
   (You found it on level 14 of the Dungeon)

   Gadgeteer: Your evocable items recharge 30% faster and wands have a 30%
   chance to not spend a charge.
   Wandboost: Your wands are more powerful.
   ^Fragile:  It will be destroyed if unequipped.
 n - the +1 hat of the Bulwark (worn) {Will- Slay+6}
   (You acquired it on level 1 of the Lair of Beasts)

   Slay+6:    It affects your accuracy & damage with ranged weapons and melee
   (+6).
   Will-:     It decreases your willpower.
 q - a +3 ring mail (worn)
 u - the +0 robe of Cowardice {SInv}
   (You bought it in a shop on level 2 of the Dungeon)

   SInv:      It lets you see invisible.
 w - a +1 cloak (worn)
 D - +0 steam dragon scales
 E - a +0 troll leather armour
 G - the +0 leather armour of Panentheism {rF+ rN++ Slay+3}
   (You found it on level 9 of the Dungeon)

   Slay+3:    It affects your accuracy & damage with ranged weapons and melee
   (+3).
   rF+:       It protects you from fire.
   rN++:      It greatly protects you from negative energy.
 M - a +0 pair of boots (worn)
 S - a +2 pair of gloves
Gizmo
 J - an experimental actuator (installed) {Gadgeteer, rElec rPois rCorr}
   (You invented it yourself on level 4 of the Lair of Beasts)

   [experimental actuator]

   Gadgeteer: Your evocable items recharge 30% faster and wands have a 30%
   chance to not spend a charge.
   rElec:     It insulates you from electricity.
   rPois:     It protects you from poison.
   rCorr:     It protects you from acid and corrosion.
Wands
 x - a wand of roots (22)
 B - a wand of flame (53)
 I - a wand of polymorph (20)
 R - a wand of charming (21)
 U - a wand of mindburst (10)
Scrolls
 b - a scroll of butterflies
 g - 13 scrolls of teleportation
 h - 4 scrolls of vulnerability
 i - 3 scrolls of enchant weapon
 j - 6 scrolls of noise
 l - 9 scrolls of identify
 s - 4 scrolls of fog
 t - 2 scrolls of revelation
 y - a scroll of immolation
 z - 2 scrolls of amnesia
 F - 2 scrolls of blinking
 K - 4 scrolls of fear
 O - 2 scrolls of torment
 P - 5 scrolls of enchant armour
Potions
 c - a potion of magic
 e - 5 potions of heal wounds
 k - 13 potions of curing
 o - 6 potions of lignification
 p - a potion of attraction
 r - a potion of ambrosia
 v - 3 potions of haste
 A - 5 potions of might
 C - 3 potions of brilliance
 H - a potion of cancellation
 N - 2 potions of mutation
 Q - 2 potions of enlightenment
 T - 2 potions of berserk rage
Miscellaneous
 L - a condenser vane


   Skills:
 + Level 14.7 Fighting
 * Level 14.0 Ranged Weapons
 - Level 7.5 Armour
 + Level 13.5 Dodging
 - Level 7.3 Stealth
 - Level 7.5 Translocations
 + Level 7.1 Invocations
 + Level 12.1 Evocations


You had 11 spell levels left.
You knew the following spells:

 Your Spells              Type           Power      Damage    Failure   Level
a - Blink                 Tloc           26%        N/A       5%          2
b - Teleport Other        Tloc           13%        N/A       11%         3

Your spell library contained the following spells:

 Spells                   Type           Power      Damage    Failure   Level
 Lesser Beckoning         Tloc           26%        N/A       5%          2
 Gell's Gravitas          Tloc           13%        N/A       11%         3
 Momentum Strike          Conj/Tloc      12%        3d8       26%         2
 Manifold Assault         Tloc           13%        N/A       36%         4
 Foxfire                  Conj/Fire      0%         2x1d4     63%         1
 Slow                     Hex            0%         N/A       63%         1
 Summon Small Mammal      Summ           0%         N/A       63%         1
 Cigotuvi's Dreadful Rot  Necr/Alch/Air  0%         N/A       77%         2
 Vhi's Electric Charge    Tloc/Air       12%        N/A       86%         4
 Call Canine Familiar     Summ           0%         N/A       94%         3
 Confusing Touch          Hex            0%         N/A       94%         3
 Frozen Ramparts          Ice            0%         1d1       94%         3
 Sigil of Binding         Hex            0%         N/A       94%         3
 Vampiric Draining        Necr           0%         2d6       94%         3
 Dispersal                Tloc           6%         N/A       99%         6
 Animate Armour           Summ/Erth      0%         N/A       100%        4
 Dispel Undead            Necr           0%         3d6       100%        4
 Leda's Liquefaction      Alch/Erth      0%         N/A       100%        4
 Martyr's Knell           Necr/Summ      0%         N/A       100%        4
 Olgreb's Toxic Radiance  Alch           0%         N/A       100%        4
 Petrify                  Alch/Erth      0%         N/A       100%        4
 Summon Blazeheart Golem  Fire/Summ      0%         N/A       100%        4
 Summon Lightning Spire   Summ/Air       0%         N/A       100%        4
 Arcjolt                  Conj/Air       0%         1d10      100%        5
 Iskenderun's Battlesphe  Conj           0%         2d6       100%        5
 Lee's Rapid Deconstruct  Erth           0%         3d4*      100%        5
 Metabolic Englaciation   Hex/Ice        0%         N/A       100%        5
 Bombard                  Conj/Erth      0%         9d1       100%        6
 Death Channel            Necr           0%         N/A       100%        6
 Plasma Beam              Fire/Air       0%         2x1d10    100%        6
 Starburst                Conj/Fire      0%         6d3       100%        6
 Orb of Destruction       Conj           0%         9d5       100%        7
 Ozocubu's Refrigeration  Ice            0%         4d7       100%        7
 Spellforged Servitor     Conj/Summ      0%         N/A       100%        7
 Discord                  Hex            0%         N/A       100%        8
 Disjunction              Tloc           6%         N/A       100%        8


Dungeon Overview and Level Annotations

Branches:
Dungeon (15/15)            Temple (1/1) D:6            Lair (5/5) D:10
  Swamp (4/4) Lair:3       Spider (0/4) Lair:2        Slime (0/5) Lair:4
    Orc (2/2) D:10            Elf (0/3) Orc:2        Vaults (0/5) D:14
 Depths (0/4) D:15

Altars:
Ashenzari
Cheibriados
Dithmenos
Elyvilon
Fedhas
Gozag
Hepliaklqana
Kikubaaqudgha
Makhleb
Nemelex Xobeh
Okawaru
Qazlal
Ru
Sif Muna
Trog
Uskayaw
Vehumet
Wu Jian
Xom
Yredelemnul
Zin
The Shining One
Beogh
Jiyva
Lugonu

Shops:
D:2 ![=!   Orc:2 [***

Portals:
Abyss: Lair:5

Annotations:
D:11 1 runed translucent door, jboons's ghost, journeyman CoCK
Lair:4 3 runed translucent doors, croobank's ghost, journeyman OpSu
Swamp:2 3 runed translucent doors, Rualuul's ghost, adept MfBe


Innate Abilities, Weirdness & Mutations

Your life essence is reduced to manifest your ancestor. (-10% HP)
You can wield a second weapon in your off-hand.
It takes a long time for you to wield or remove held weapons.
Your first few attacks do less damage.
You cannot equip rings or amulets.


Message History

The sling bullet hits the four-headed hydra.
The four-headed hydra is almost dead.
You shoot a sling bullet.
The sling bullet barely misses the four-headed hydra.
The sling bullet hits the seven-headed hydra simulacrum.
The seven-headed hydra simulacrum is lightly damaged.
Girch hits the swamp drake but does no damage.
Girch drains the swamp drake.
Girch hits the swamp drake with a +0 dagger of draining!
You shoot a sling bullet.
The sling bullet hits the four-headed hydra!
You kill the four-headed hydra!
You shoot a sling bullet.
Girch hits the swamp drake with a +0 dagger of draining.
The seven-headed hydra simulacrum bites you but does no damage.
The seven-headed hydra simulacrum completely misses you. x2
The seven-headed hydra simulacrum misses you.
The seven-headed hydra simulacrum closely misses you.
The seven-headed hydra simulacrum bites you.
The seven-headed hydra simulacrum freezes you!!
The seven-headed hydra simulacrum bites you but does no damage.
You are too injured to fight recklessly!
You are too injured to fight recklessly!
You are too injured to fight recklessly!
You are too injured to fight recklessly!
Girch hits the swamp drake with a +0 dagger of draining.
Girch hits the swamp drake with a +0 dagger of draining!
The swamp drake dies!
The seven-headed hydra simulacrum closely misses you.
The seven-headed hydra simulacrum barely misses you.
The seven-headed hydra simulacrum bites you.
The seven-headed hydra simulacrum freezes you!!
* * * LOW HITPOINT WARNING * * *
The seven-headed hydra simulacrum misses you.
The seven-headed hydra simulacrum bites you but does no damage.
The seven-headed hydra simulacrum bites you.
* * * LOW HITPOINT WARNING * * *
The seven-headed hydra simulacrum freezes you!!
You die...
Hepliaklqana delivers you to your ancestors.

♣.~~.~~~~~.~~~.♣♣ ♣♣
♣♣^.~♣.~÷~..~~~.♣ ♣~♣.
♣♣♣~.~♣♣♣~~~..~~.♣♣♣^.~.
.~♣.....~~§~.♣~...†~~†.~
..♣♣♣<.~.~~~..~~~~~~†~..
§......~.~~§~~~§~~~~~~~.
~~).~~~..~§~~~§~~.R~~~..
~~..~~~..♣♣♣♣♣♣♣..~~~~.~
~~~~.~~.♣~♣♣ ♣~@.~~~..~
~~~..~~~...♣♣ ♣♣Z~..~~~♣
....~~~~~..~<. ♣~~~..~♣#
..~~§~~...~§~§ ~~~~~♣##
....~~§..~~~~~~.~~~.#
~~.~~~~~~§.~~~♣♣.~~##
~.~§~~~~~~.~~~ ♣♣.##
♣...~.~~~~...~ ##
♣♣♣♣♣.~~~~~~~~~


You could see the friendly Girch the hexer and a seven-headed hydra simulacrum
(ally target).

Vanquished Creatures
  2 orc warlords (Orc:2)
  A ghoul (Swamp:4)
  A stone giant (D:15)
  4 eleionomae
  2 bunyips (Swamp:4)
  An ettin (Orc:1)
  Josephine (Orc:2)
  Snorg (Lair:5)
  A shambling mangrove (Swamp:2)
  An ogre mage (D:15)
  5 hydras
  3 alligators
  A death knight (D:15)
  A centaur warrior (D:14)
  2 boulder beetles
  5 orc high priests (Orc:2)
  A thrashing horror (Lair:5)
  11 two-headed ogres
  6 death yaks
  2 tengu warriors (D:15)
  7 goliath frogs
  6 skeletal warriors (D:12)
  2 skysharks (Lair:4)
  A spriggan druid (Swamp:4)
  2 bog bodies
  An arcanist (D:14)
  3 lindwurms (Lair:3)
  4 swamp dragons
  A harpy (shapeshifter) (D:15)
  A spectral hydra (Swamp:4)
  7 orc knights
  A phantasmal warrior (Swamp:4)
  2 large abominations (Lair:5)
  7 orc sorcerers
  Maurice (D:6)
  2 manticores
  5 ugly things
  4 will-o-the-wisps
  2 cyclopes
  4 elephants
  3 black mambas
  4 kobold blastminers (Orc:2)
  12 cane toads
  2 gargoyles
  3 smoke demons (Lair:5)
  3 yaktaurs (D:15)
  A freezing wraith (D:15)
  5 komodo dragons
  3 rime drakes
  7 trolls
  2 bloated husks (Swamp:2)
  5 polar bears
  A wolf spider simulacrum (D:15)
  7 tyrant leeches
  15 blink frogs
  8 hornets
  A tarantella (Lair:2)
  A raiju (Lair:5)
  A culicivora (shapeshifter) (D:12)
  A culicivora (Lair:2)
  A vampire (D:12)
  7 wraiths
  11 spriggans
  43 yaks
  7 basilisks
  A golden eye (shapeshifter) (Lair:5)
  4 wyverns
  Eustachio (D:5)
  14 vampire mosquitoes
  7 wargs
  2 fire elementals (D:12)
  A steam dragon (D:7)
  A harpy simulacrum (D:13)
  10 swamp worms
  13 water moccasins
  4 swamp drakes
  34 orc warriors
  A sky beast (D:7)
  3 black bears (D:6)
  An ice beast (D:7)
  2 laughing skulls (D:13)
  12 wolves
  7 small abominations
  15 ogres
  5 centaurs
  A swamp dragon skeleton (Swamp:4)
  4 kobold brigands
  8 bullfrogs
  2 scorpions
  2 wights (D:9)
  9 killer bees (D:10)
  3 electric eels (D:10)
  7 howler monkeys
  A lava snake (D:12)
  A bombardier beetle (D:6)
  5 hounds
  7 jellies
  Crazy Yiuf (D:6)
  25 orc priests
  A gnoll bouda (D:4)
  An iguana (D:4)
  Terence (D:3)
  21 orc wizards
  4 sleepcaps
  5 hell rats (Lair:1)
  8 adders
  12 gnolls
  A swamp drake zombie (Swamp:4)
  3 white imps
  3 ribbon worms
  5 dart slugs
  93 orcs
  11 ball pythons
  9 endoplasms
  5 giant cockroaches
  5 goblins
  10 hobgoblins
  7 jackals
  4 quokkas
  9 bats
  A frilled lizard (D:2)
  26 kobolds
  4 rats
  A butterfly (Lair:2)
733 creatures vanquished.

Vanquished Creatures (collateral kills)
  Gastronok (D:12)
  2 eleionomae
  4 bunyips
  3 hydras
  4 alligators
  3 centaur warriors
  A thrashing horror (Lair:5)
  2 skeletal warriors (D:12)
  2 goliath frogs
  An arcanist (D:13)
  A bog body (Swamp:1)
  A swamp dragon (Swamp:4)
  A lindwurm (Lair:3)
  4 orc knights
  2 deep elf pyromancers
  A cyclops (D:14)
  A will-o-the-wisp (Swamp:3)
  5 elephants
  A molten gargoyle (D:12)
  3 cane toads
  A smoke demon (Lair:5)
  A torpor snail (Lair:2)
  A freezing wraith (D:14)
  2 yaktaurs (D:15)
  A troll (D:14)
  2 polar bears (Lair:1)
  3 hornets
  2 tyrant leeches
  A blink frog (Lair:5)
  7 spriggans
  2 wraiths (D:14)
  9 yaks
  A wyvern (D:8)
  3 basilisks
  A warg (Orc:1)
  Grum (D:9)
  6 vampire mosquitoes
  A swamp worm (Swamp:2)
  A chaos spawn (Lair:5)
  A small abomination (Lair:5)
  A water moccasin (Lair:4)
  13 orc warriors
  A swamp drake (Swamp:4)
  4 wolves
  5 ogres (Orc:2)
  4 centaurs
  A bullfrog (Lair:1)
  A wight (D:9)
  A killer bee (D:10)
  A howler monkey (D:12)
  A jelly (Lair:4)
  5 orc priests
  6 orc wizards
  2 hell rats (Lair:1)
  7 orcs
  An endoplasm (Lair:4)
  A kobold (D:9)
145 creatures vanquished.

Vanquished Creatures (others)
  2 bloated husks
  4 ancestors
  22 hexers
  15 foxfires
43 creatures vanquished.

Grand Total: 921 creatures vanquished

Notes
Turn   | Place    | Note
-------+----------+-------------------------------------------
     0 | D:1      | adelrune the Coglin Hunter began the quest for the Orb.
     0 | D:1      | Reached XP level 1. HP: 16/16 MP: 1/1
    44 | D:1      | Reached XP level 2. HP: 22/22 MP: 2/2
   387 | D:1      | Reached XP level 3. HP: 28/28 MP: 3/3
   851 | D:2      | Reached XP level 4. HP: 34/34 MP: 4/4
   941 | D:2      | Found Puntapt's Antique Armour Shop.
   977 | D:2      | Found Xourrasa's Jewellery Emporium.
  1040 | D:2      | Found Woetijynt's Distillery.
  1046 | D:2      | Bought a potion of curing for 42 gold pieces
  1264 | D:2      | Found Nemeruso's Distillery.
  1810 | D:3      | Found a faded altar of an unknown god.
  2118 | D:3      | Reached XP level 5. HP: 41/41 MP: 5/5
  2334 | D:3      | Noticed Terence
  2341 | D:3      | Killed Terence
  2705 | D:4      | Found an iron altar of Okawaru.
  2706 | D:4      | Found a blossoming altar of Fedhas.
  2709 | D:4      | Found a hide-covered altar of Uskayaw.
  2709 | D:4      | Found a shadowy altar of Dithmenos.
  2762 | D:4      | Reached skill level 5 in Ranged Weapons
  3010 | D:4      | Reached XP level 6. HP: 41/47 MP: 6/6
  3295 | D:4      | Identified the +4 short sword of Pulabu {spect, Will+ Str+2
                  | Dex+4}
  3474 | D:5      | Entered Level 5 of the Dungeon
  3718 | D:5      | Reached XP level 7. HP: 53/53 MP: 7/7
  3853 | D:2      | Bought a scorched robe for 131 gold pieces
  3853 | D:2      | Identified the +0 robe of Cowardice {SInv} (You bought it
                  | in a shop on level 2 of the Dungeon)
  3918 | D:2      | Bought a potion of lignification for 42 gold pieces
  3918 | D:2      | Bought a potion of heal wounds for 70 gold pieces
  3918 | D:2      | Bought a potion of haste for 140 gold pieces
  4062 | D:5      | Noticed Eustachio
  4070 | D:5      | Killed Eustachio
  4331 | D:5      | Reached XP level 8. HP: 61/61 MP: 8/8
  4670 | D:6      | Reached skill level 5 in Fighting
  4863 | D:6      | Learned a level 2 spell: Blink
  4969 | D:6      | Reached skill level 5 in Dodging
  5353 | D:6      | Reached XP level 9. HP: 66/69 MP: 9/9
  5491 | D:6      | Found a staircase to the Ecumenical Temple.
  5498 | Temple   | Entered the Ecumenical Temple
  5536 | Temple   | Became a worshipper of Hepliaklqana the Forgotten
  5908 | D:6      | Found a runed translucent door.
  5909 | D:6      | Noticed Crazy Yiuf
  5915 | D:6      | Killed Crazy Yiuf
  6438 | D:7      | Noticed Maurice
  6485 | D:6      | Maurice stole a throwing net
  6494 | D:6      | Maurice stole 165 gold
  6497 | D:6      | Maurice stole 90 gold
  6498 | D:6      | Killed Maurice
  7264 | D:8      | Reached XP level 10. HP: 79/79 MP: 10/10
  7427 | D:8      | Reached * piety under Hepliaklqana
  7469 | D:8      | Reached skill level 10 in Ranged Weapons
  7481 | D:8      | Found a broken altar of Ashenzari.
  7977 | D:9      | Noticed Grum
  7989 | D:9      | Killed Grum
  8070 | D:9      | Noticed a two-headed ogre
  8165 | D:9      | Identified the +0 leather armour of Panentheism {rF+ rN++
                  | Slay+3}
  8218 | D:9      | Identified the +5 falchion "Trog's Hatred" {freeze, rN+
                  | Will+ Dex+3}
  8608 | D:9      | Reached ** piety under Hepliaklqana
  8609 | D:9      | Remembered your ancestor Girch as a hexer
  8917 | D:9      | Killed a two-headed ogre
  8918 | D:9      | Reached XP level 11. HP: 51/78 MP: 11/11
  9038 | D:10     | Entered Level 10 of the Dungeon
  9097 | D:10     | Found a staircase to the Lair.
  9180 | D:10     | Found a staircase to the Orcish Mines.
  9996 | D:10     | Reached skill level 1 in Evocations
 10271 | Lair:1   | Entered Level 1 of the Lair of Beasts
 10311 | Lair:1   | Reached skill level 1 in Translocations
 10342 | D:10     | Reached skill level 1 in Armour
 10887 | Lair:1   | Reached XP level 12. HP: 78/87 MP: 12/12
 11593 | Lair:1   | Reached skill level 5 in Evocations
 11703 | Lair:1   | Reached *** piety under Hepliaklqana
 11719 | Lair:1   | Reached skill level 10 in Fighting
 11988 | Lair:1   | Identified a scroll of acquirement
 11989 | Lair:1   | Acquired the +1 hat of the Bulwark {Will- Slay+6}
 12025 | Lair:2   | Reached skill level 1 in Stealth
 12163 | Lair:2   | Found a hole to the Spider Nest.
 12484 | Lair:2   | Reached skill level 5 in Translocations
 12518 | Lair:2   | Noticed a boulder beetle
 12522 | Lair:2   | Killed a boulder beetle
 12523 | Lair:2   | Noticed an eight-headed hydra
 12527 | Lair:2   | Reached XP level 13. HP: 93/93 MP: 13/13
 12622 | Lair:2   | Reached skill level 5 in Armour
 13337 | Lair:3   | Reached skill level 5 in Stealth
 13553 | Lair:3   | Reached skill level 10 in Dodging
 13710 | Lair:3   | Acquired 533 gold pieces
 13816 | Lair:3   | Reached **** piety under Hepliaklqana
 13818 | Lair:3   | Found a staircase to the Swamp.
 13818 | Lair:3   | Noticed an eleionoma
 13824 | Lair:3   | Killed an eleionoma
 14726 | Lair:4   | Found a runed translucent gate.
 14726 | Lair:4   | Found a runed translucent gate.
 14726 | Lair:4   | Found a runed translucent gate.
 14728 | Lair:4   | Noticed croobank's ghost (journeyman OpSu)
 14904 | Lair:4   | Reached XP level 14. HP: 86/101 MP: 14/14
 14904 | Lair:4   | Upgraded the game from 0.32-a0-616-g9348d4545b to
                  | 0.32-a0-630-g46d191b0ed
 14962 | Lair:4   | Acquired an experimental actuator {Gadgeteer, rElec rPois
                  | rCorr}
 15077 | Lair:4   | Found a viscous altar of Jiyva.
 15078 | Lair:4   | Found a staircase to the Slime Pits.
 15331 | Lair:5   | Entered Level 5 of the Lair of Beasts
 15883 | Lair:5   | Noticed Snorg
 15889 | Lair:5   | Killed Snorg
 16401 | Lair:5   | Reached ***** piety under Hepliaklqana
 16795 | Lair:5   | Learned a level 3 spell: Teleport Other
 17032 | Lair:5   | Found a corrupted altar of Lugonu.
 17032 | Lair:5   | Found a one-way gate to the infinite horrors of the Abyss.
 17040 | Lair:5   | Identified the staff of the Fray {rC+ MP+9 Int-3 Dex-2 Ice
                  | Earth}
 17271 | Orc:1    | Entered Level 1 of the Orcish Mines
 17295 | Orc:1    | Paralysed by an orc sorcerer for 4 turns
 17341 | Orc:1    | Found a roughly hewn altar of Beogh.
 17457 | Orc:2    | Entered Level 2 of the Orcish Mines
 17538 | Orc:2    | Reached skill level 1 in Invocations
 17731 | Orc:2    | Noticed Josephine
 17735 | Orc:2    | Killed Josephine
 19111 | Orc:2    | Found Teker Idihecs's Antique Armour Shoppe.
 19133 | Orc:2    | Bought a pair of embroidered gloves for 217 gold pieces
 19205 | Orc:2    | Reached XP level 15. HP: 109/109 MP: 17/17
 19235 | Orc:2    | Noticed an orc warlord
 19258 | Orc:2    | Killed an orc warlord
 19519 | Orc:2    | Found a staircase to the Elven Halls.
 19716 | Orc:2    | Found a roughly hewn altar of Beogh.
 19837 | Orc:2    | Found Koupneo's General Store.
 19842 | Orc:2    | Bought a scroll of blinking for 97 gold pieces
 19842 | Orc:2    | Bought a wand of flame (3) for 27 gold pieces
 19848 | Orc:2    | Found Didos's General Store.
 19929 | Orc:2    | Bought a potion of enlightenment for 75 gold pieces
 19929 | Orc:2    | Bought a +0 pair of boots for 67 gold pieces
 20186 | Orc:2    | Found a roughly hewn altar of Beogh.
 20221 | Orc:2    | Found Izeforr's General Store.
 20232 | Orc:2    | Bought a scroll of teleportation for 39 gold pieces
 20232 | Orc:2    | Bought a scroll of revelation for 97 gold pieces
 20232 | Orc:2    | Bought a wand of mindburst (3) for 54 gold pieces
 20232 | Orc:2    | Bought a +4 heavy orcbow for 367 gold pieces
 20232 | Orc:2    | Bought a scroll of fear for 52 gold pieces
 20420 | Orc:1    | Noticed an orc warlord
 20544 | Orc:2    | Killed an orc warlord
 21279 | D:11     | Found a runed translucent door.
 21279 | D:11     | Found a shimmering altar of Xom.
 21279 | D:11     | Noticed jboons's ghost (journeyman CoCK)
 22557 | D:12     | Reached skill level 5 in Invocations
 22731 | D:12     | Noticed Gastronok
 22741 | D:12     | Killed Gastronok
 23427 | D:13     | Reached ****** piety under Hepliaklqana
 24471 | D:14     | Found the +0 pair of gloves of the gadgeteer {Gadgeteer
                  | Wandboost ^Fragile}
 24519 | D:14     | Reached skill level 10 in Evocations
 24701 | D:13     | Reached XP level 16. HP: 94/118 MP: 20/20
 25164 | D:14     | Found a gate to the Vaults.
 25708 | D:15     | Entered Level 15 of the Dungeon
 25708 | D:15     | Found a hazy altar of Hepliaklqana.
 25882 | D:15     | Identified the +4 falchion "Efuera" {venom, Will+ Dex+5}
 26030 | D:15     | Found a snail-covered altar of Cheibriados.
 27031 | D:15     | Found a staircase to the Depths.
 27620 | Swamp:1  | Entered Level 1 of the Swamp
 27753 | Swamp:1  | You fall into a shaft and drop 1 floor!
 29360 | Swamp:2  | Found a runed translucent gate.
 29360 | Swamp:2  | Found a runed translucent gate.
 29360 | Swamp:2  | Found a runed translucent gate.
 29362 | Swamp:2  | Noticed Rualuul's ghost (adept MfBe)
 30168 | Swamp:3  | Identified the +2 mace of Havoc {freeze, ^Drain rElec rN+
                  | Str+2}
 30528 | Swamp:3  | Reached XP level 17. HP: 117/126 MP: 22/22
 30725 | Swamp:4  | Entered Level 4 of the Swamp
 31877 | Swamp:4  | Mangled by a seven-headed hydra simulacrum

Illustrated notes

Levels and vault maps discovered:
D:1:      shiori_arrival_maze, layout_basic
D:2:      layout_loops_ring, serial_shops, shop,
          nicolae_shop_pleasant_corner_grove, nicolae_shop_trees,
          nicolae_shop_tiny_real_fake_doors
D:3:      layout_basic, hellmonk_ecumenical_altar_pennies_from_heaven,
          uniq_terence
D:4:      minmay_polygon_palace, layout_basic,
          chequers_temple_overflow_statue_of_worship, reono_crystal_passage
D:5:      layout_loops_ring, uniq_eustachio
D:6:      layout_loops_corners, minmay_temple_entry_mist,
          uniq_crazy_yiuf_cottage
D:7:      layout_basic, uniq_maurice
D:8:      layout_rooms, mainiacjoe_overflow_alcove_2
D:9:      layout_loops_corners, uniq_grum
D:10:     nicolae_moon_pools, layout_basic, david_lair_generic
D:11:     layout_grid_maze, ebering_ghost_xom,
          serial_library_hellmonk_reading_circle
D:12:     erik_rubicon_a, layout_stronghold, uniq_gastronok
D:13:     layout_gridville
D:14:     layout_roguey, david_vaults_1, hangedman_decor_slide_cut
D:15:     grunt_enter_depths_snipers, layout_long_grid, nrook_mini_backslash,
          hangedman_feature_mirror
Temple:   minmay_crystal_spiral_temple
Lair:1:   layout_hall_layers, cheibrodos_lair_lostbears
Lair:2:   kb_forest_paths, layout_concentric_octagons, spider_nest_entry_rubble,
          lemuel_fruit_fields
Lair:3:   layout_cave_shapes, alex1729_swamp_entry_worm_eleionoma, minivault_25,
          minmay_lindwurm_lava, serial_bayou_shore_b
Lair:4:   layout_loops_ring, slime_entry_2, gammafunk_ghost_hydra_chop,
          lemuel_fruit_tree, infiniplex_staircase_pool_2
Lair:5:   hellmonk_lair_end_abyssal_woods, layout_misc_corridors, uniq_snorg
Swamp:1:  layout_falls_marsh, evilmike_swamp_ruin_house_5, nicolae_swamp_oxbows,
          swamp_pool_5
Swamp:2:  layout_basic_swamp, ebering_ghost_rock_garden,
          evilmike_swamp_ruin_rubble_2, swamp_pool_1_2
Swamp:3:  layout_basic_swamp, infiniplex_staircase_pool, swamp_pool_5
Swamp:4:  byrel_swamp_growth_death_and_undeath, layout_basic_swamp
Orc:1:    layout_diamond_mine, mines2_david
Orc:2:    pubby_orc_utopia, uniq_josephine

Skill      XL: |  1  2  3  4  5  6  7  8  9 10 11 12 13 14 15 16 17 |
---------------+----------------------------------------------------+-----
Dodging        | 2 3 4 5 6 7 8 9 10 11 12 13 | 13.5
Ranged Weapons | 4 5 6 8 9 11 12 13 14 | 14.0
Fighting       | 3 4 5 7 8 9 10 11 12 13 14 | 14.7
Evocations     | 4 5 7 10 11 12 | 12.1
Translocations | 2 5 6 7 |  7.5
Armour         | 2 4 6 7 |  7.5
Stealth        | 4 7 |  7.3
Invocations    | 2 5 6 7 |  7.1

Action                     |  1- 3 |  4- 6 |  7- 9 | 10-12 | 13-15 | 16-18 || total
---------------------------+-------+-------+-------+-------+-------+-------++-------
  Melee: Sling             |       |       |     6 |       |     2 |       ||     8
   Fire: Sling             |   128 |   400 |   640 |  1076 |  2394 |  1216 ||  5854
 Invoke: Ancestor Life: He |       |       |       |     1 |       |       ||     1
         Recall Ancestor   |       |       |       |     1 |     5 |     5 ||    11
         Idealise          |       |       |       |       |     1 |       ||     1
Ability: Invent Gizmo      |       |       |       |       |     1 |       ||     1
  Evoke: Wand              |       |       |     1 |       |    13 |       ||    14
         Condenser vane    |       |       |       |       |     3 |       ||     3
    Use: Scroll            |       |       |       |    12 |    14 |     6 ||    32
         Potion            |       |       |       |     1 |     3 |     1 ||     5
 Armour: Leather armour    |     1 |    42 |    70 |    74 |   139 |       ||   326
         Robe              |       |       |    19 |       |       |       ||    19
         Steam dragon scal |       |       |     5 |    14 |       |       ||    19
         Troll leather arm |       |       |       |     3 |       |       ||     3
         Ring mail         |       |       |       |       |    56 |   238 ||   294
  Dodge: Dodged            |     6 |    44 |    84 |   131 |   300 |   242 ||   807

Table legend: (Time is in decaauts)
 A = Elapsed time spent in this place.
 B = Non-inter-level travel time spent in this place.
 C = Inter-level travel time spent in this place.
 D = Time resting spent in this place.
 E = Time spent auto-exploring this place.
 F = Levels seen in this place.
 G = Mean time per level.
                   A        B        C        D        E       F      G
               +--------+--------+--------+--------+--------+-----+--------+
         Total |  31917 |  29775 |   2142 |   7691 |  15701 |  27 | 1182.1 |
       Dungeon |  17564 |  16332 |   1232 |   3475 |   9984 |  15 | 1170.9 |
        Temple |     76 |      2 |     74 |      0 |      0 |   1 |   76.0 |
          Lair |   6335 |   5818 |    517 |   1629 |   2975 |   5 | 1267.0 |
         Swamp |   4413 |   4233 |    180 |   1733 |   1587 |   4 | 1103.2 |
  Orcish Mines |   3527 |   3390 |    137 |    852 |   1154 |   2 | 1763.5 |
               +--------+--------+--------+--------+--------+-----+--------+

Top non-repeatable levels by time:
   Orc:2: 2852 daAuts
    D:10: 2129 daAuts
    D:12: 1548 daAuts
  Lair:4: 1472 daAuts
     D:6: 1455 daAuts
    D:13: 1382 daAuts
  Lair:5: 1380 daAuts
  Lair:2: 1367 daAuts
    D:15: 1366 daAuts
    D:14: 1318 daAuts
 Swamp:1: 1314 daAuts
     D:4: 1289 daAuts
 Swamp:2: 1268 daAuts
     D:9: 1255 daAuts
 Swamp:3: 1185 daAuts
